 Dungeon Crawl Stone Soup version 0.20-a0-513-g02c11fc (webtiles) character file.

25 polly the Conjurer (level 2, -3/11 HPs)
             Began as a Felid Conjurer on Jan 23, 2017.
             Killed by nerve-wracking pain
             ... invoked by Jessica
              (14 damage)
             ... on level 2 of the Dungeon.
             The game lasted 00:06:41 (1531 turns).

polly the Conjurer (Felid Conjurer)                 Turns: 1531, Time: 00:06:44

Health: -3/11      AC:  1    Str:  4    XL:     2   Next: 86%
Magic:  0/6        EV: 18    Int: 16    God:
Gold:   10         SH:  0    Dex: 16    Spells: 2/5 levels left
                                        Lives:  0   Deaths: 0

rFire    + . .     SeeInvis +   (weapon unavailable)
rCold    x . .     Gourm    .   (armour unavailable)
rNeg     . . .     Faith    .   (shield unavailable)
rPois    .         Spirit   .   (helmet unavailable)
rElec    .         Reflect  .   (cloak unavailable)
rCorr    .         Harm     +   (gloves unavailable)
MR       .....                  (boots unavailable)
Stlth    +++.......             h - amulet of harm
Regen    0.1/turn               (no ring)
                                d - ring of fire

@: very slightly contaminated, quick
A: no armour, no weapons or thrown items, stealth, claws 1, fangs 3, see
invisible, carnivore 3, speed 1, shaggy fur 1, slow metabolism 1, sharp paws
a: no special abilities


You were on level 2 of the Dungeon.
You were not hungry.

You visited 1 branch of the dungeon, and saw 2 of its levels.

You collected 10 gold pieces.

Inventory:

Jewellery
 d - a ring of fire (left paw)
 e - an uncursed amulet of guardian spirit
 h - an amulet of harm (around neck)
Scrolls
 c - 2 scrolls of identify {unknown}
 g - a scroll of amnesia {unknown}
 i - a scroll of teleportation {unknown}
 k - a scroll of fog {unknown}
Potions
 f - a potion of haste {unknown}
 j - a potion of degeneration {unknown}
Books
 a - a book of Conjurations

   Spells                             Type                      Level
   a - Magic Dart                     Conjuration                  1
   b - Searing Ray                    Conjuration                  2
   c - Dazzling Spray                 Conjuration/Hexes            3
   d - Fulminant Prism                Conjuration/Hexes            4
   e - Iskenderun's Mystic Blast      Conjuration                  4
   f - Iskenderun's Battlesphere      Conjuration/Charms           5
Comestibles
 b - 2 meat rations


   Skills:
 + Level 2.8 Dodging
 + Level 2.9 Stealth
 + Level 2.2 Spellcasting
 + Level 4.2 Conjurations


You had 2 spell levels left.
You knew the following spells:

 Your Spells              Type           Power        Failure   Level  Hunger
a - Magic Dart            Conj           ###.         4%          1    #......
b - Searing Ray           Conj           ###...       8%          2    ###....


Dungeon Overview and Level Annotations

Branches:
Dungeon (2/15)

Altars:

Annotations:
D:2 Jessica


Innate Abilities, Weirdness & Mutations

You cannot wear armour.
You are incapable of wielding weapons or throwing items.
Your paws allow you to move quietly. (Stealth)
You have sharp claws.
You have razor-sharp teeth.
You have supernaturally acute eyesight. (SInv)
You are carnivorous and can eat meat at any time.
You cover ground quickly.
You are covered in fur. (AC +1)
You have a slow metabolism.
Your sharp claws are effective at attacking unaware monsters.


Message History

Casting: Searing Ray
Confirm with . or Enter, or press ? or * to list all spells.
Aiming: Searing Ray
Press: ? - help, Shift-Dir - straight line, f/p - Jessica
Aim: Jessica, wielding a dagger and wearing a robe (lightly wounded, fast)
The searing ray hits Jessica.
Jessica is moderately wounded. (Press . to maintain the ray.)
Casting: Searing Ray
Confirm with . or Enter, or press ? or * to list all spells.
Aiming: Searing Ray
Press: ? - help, Shift-Dir - straight line, f/p - Jessica
Aim: Jessica, wielding a dagger and wearing a robe (moderately wounded, fast)
You miscast Searing Ray.
You are very lightly contaminated with residual magic.
Nothing appears to happen.
Jessica gestures at you while chanting. Pain shoots through your body!
Ouch! That really hurt!
You die...

..# .###.#.....# ..#
..>.......# ..#
#....<.†#.# ..#
####..#....... ..#
#..........#.#####.
..####.##.......#r.....#
........#....#.?#......#
.....)..........@.@....#
........##>.............
÷.####.####(######......
..# #..[...# #####$
..#########.#
.........##.#
...#####.##.#
...#####.##..
.....)....###


You could see Jessica and a rat.

Vanquished Creatures
  A dart slug (D:1)
  2 ball pythons
  4 goblins
  2 hobgoblins
  4 jackals (D:1)
  4 kobolds
  A frilled lizard (D:1)
  2 rats
20 creatures vanquished.

Notes
Turn   | Place    | Note
-------+----------+-------------------------------------------
     0 | D:1      | polly the Felid Conjurer began the quest for the Orb.
     0 | D:1      | Reached XP level 1. HP: 7/7 MP: 4/4
   598 | D:1      | Reached XP level 2. HP: 11/11 MP: 4/6
   688 | D:1      | Reached skill level 4 in Conjurations
  1429 | D:1      | Learned a level 2 spell: Searing Ray
  1525 | D:2      | Noticed Jessica
  1531 | D:2      | Killed from afar by Jessica

Vault maps used:
D:1:      doesnt_arrival_eight_statues
D:2:      elyvilon_altar_5, uniq_jessica

Skill      XL: |  1  2 |
---------------+-------+-----
Conjurations   | 4 |  4.2
Dodging        | |  2.8
Stealth        | |  2.9
Spellcasting   | |  2.2

Action                   || total
-------------------------++-------
Melee: Unarmed           ||     7
 Cast: Magic Dart        ||    56
       Searing Ray       ||     3
  Eat: Chunk             ||     1
Armor: Skin              ||     1
Dodge: Dodged            ||    26
